 Dungeon Crawl Stone Soup version 0.17.1-2-g5865329 (webtiles) character file.

235 Mysteryquy the Sneak (level 5, 0/25 HPs)
             Began as a Spriggan Enchanter on Jan 17, 2016.
             Was an Initiate of Dithmenos.
             Slain by an orc wizard
             ... wielding a +0 dagger
              (4 damage)
             ... on level 4 of the Dungeon.
             The game lasted 00:13:10 (4004 turns).

Mysteryquy the Sneak (Spriggan Enchanter)           Turns: 4004, Time: 00:13:10

Health: 0/25       AC:  3    Str:  4    XL:     5   Next: 76%
Magic:  0/10       EV: 20    Int: 18    God:    Dithmenos [......]
Gold:   184        SH:  0    Dex: 16    Spells: 2 memorised, 7 levels left

rFire  . . .     SeeInvis +     a - +1 dagger
rCold  . . .     Clarity  .     b - +1 robe
rNeg   . . .     SustAt   .     (shield restricted)
rPois  .         Gourm    .     (helmet restricted)
rElec  .         Spirit   .     (no cloak)
rCorr  .         Warding  .     (gloves unavailable)
rMut   .         Stasis   .     (boots unavailable)
MR     .....                    (no amulet)
Stlth  ++++......               (no ring)
                                (no ring)

@: very slightly contaminated, very quick, not resistant to hostile
enchantments, stealthy
A: unfitting armour, see invisible, herbivore 3, speed 3, slow metabolism 2
a: Renounce Religion


You were on level 4 of the Dungeon.
You worshipped Dithmenos.
Dithmenos was noncommittal.
You were not hungry.

You visited 1 branch of the dungeon, and saw 6 of its levels.

You collected 184 gold pieces.

Inventory:

Hand Weapons
 a - a +1 dagger (weapon)
Armour
 b - a +1 robe (worn)
Wands
 n - a wand of magic darts (27)
Scrolls
 e - 2 scrolls of remove curse
 j - a scroll of random uselessness {unknown}
 l - a scroll of teleportation
 o - a scroll of identify {unknown}
 p - a scroll of enchant armour {unknown}
 q - a scroll of noise {unknown}
 r - a scroll of recharging
Potions
 f - 4 potions of curing
 g - 2 potions of agility {unknown}
 h - 2 potions of heal wounds {unknown}
 i - 2 potions of cancellation {unknown}
 k - a potion of resistance {unknown}
 m - a potion of flight {unknown}
Books
 c - a book of Maledictions

   Spells                             Type                      Level
   a - Corona                         Hexes                        1
   b - Ensorcelled Hibernation        Hexes/Ice                    2
   c - Confuse                        Hexes                        3
   d - Tukima's Dance                 Hexes                        3
   e - Dazzling Spray                 Conjuration/Hexes            3
Comestibles
 d - 2 bread rations


   Skills:
 + Level 0.7 Fighting
 + Level 1.7 Short Blades
 + Level 4.8 Dodging
 + Level 7.6 Stealth
 + Level 3.0 Spellcasting
 + Level 4.2 Hexes
 + Level 1.0 Ice Magic


You had 7 spell levels left.
You knew the following spells:

 Your Spells              Type           Power        Failure   Level  Hunger
a - Corona                Hex            ###....      3%          1    None
b - Ensorcelled Hibernat  Hex/Ice        ##....       12%         2    ##.....


Dungeon Overview and Level Annotations

Branches:
Dungeon (6/15)
 Temple: D:4-7

Altars:
Cheibriados
Dithmenos
Kikubaaqudgha
Trog
Vehumet

Annotations:
D:3 Rationalist's ghost, amateur DsBe


Innate Abilities, Weirdness & Mutations

You are tiny and cannot use many weapons and most armour.
You have supernaturally acute eyesight.
You are a herbivore.
You cover ground extremely quickly.
You need consume almost no food.


Message History

The orc wizard misses you.
An orc wizard is nearby!
You hit the orc wizard.
The orc wizard is severely wounded.
The orc wizard gestures at you while chanting.
The puff of flame hits you!
* * * LOW HITPOINT WARNING * * *
You are too injured to fight recklessly!
You are too injured to fight recklessly!
You are too injured to fight recklessly!
You barely miss the orc wizard.
The orc wizard is severely wounded.
The orc wizard closely misses you.
You barely miss the orc wizard.
The orc wizard is severely wounded.
The orc wizard barely misses you.
You closely miss the orc wizard.
The orc wizard is severely wounded.
The orc wizard hits you with a dagger.
You die...

#.#
#...#####.#
#. #.#
#.........#
#.
#..########
#.
#.........
##.#######
#.##..
#.##.#
#.##o#
#.##@##
#.....#
#.##### #.#
..# #..#
#.># ####


You could see an orc wizard (invisible).

Vanquished Creatures
  2 orc priests
  An orc wizard (D:4)
  4 adders
  2 worms
  7 orcs
  17 hobgoblins
  7 jackals
  A quokka (D:2)
  3 ball pythons
  12 bats
  5 giant cockroaches
  2 giant geckos
  6 giant newts
  12 goblins
  8 kobolds
  7 rats
96 creatures vanquished.

Notes
Turn   | Place    | Note
--------------------------------------------------------------
     0 | D:1      | Mysteryquy the Spriggan Enchanter began the quest for the Orb.
     0 | D:1      | Reached XP level 1. HP: 9/9 MP: 5/5
   156 | D:1      | Reached skill level 5 in Stealth
   175 | D:1      | Reached XP level 2. HP: 8/13 MP: 6/6
  1078 | D:1      | Reached XP level 3. HP: 12/16 MP: 8/8
  1265 | D:1      | Learned a level 2 spell: Ensorcelled Hibernation
  1461 | D:2      | Reached skill level 6 in Stealth
  1644 | D:2      | Reached XP level 4. HP: 21/21 MP: 6/9
  1863 | D:2      | Found a snail-covered altar of Cheibriados.
  2233 | D:3      | Found a faded altar to an unknown god.
  2304 | D:3      | Reached skill level 7 in Stealth
  2571 | D:3      | Found a radiant altar of Vehumet.
  2649 | D:3      | Noticed Rationalist's ghost (amateur DsBe)
  2843 | D:3      | Reached XP level 5. HP: 24/24 MP: 10/10
  3174 | D:3      | You fall through a shaft for 3 floors!
  3177 | D:6      | Found a shadowy altar of Dithmenos.
  3186 | D:6      | Became a worshipper of Dithmenos the Shadowed
  3191 | D:6      | Found a radiant altar of Vehumet.
  3193 | D:6      | Found a bloodstained altar of Trog.
  3206 | D:6      | Found an ancient bone altar of Kikubaaqudgha.
  3255 | D:5      | Entered Level 5 of the Dungeon
  3983 | D:4      | Reached skill level 1 in Ice Magic
  4004 | D:4      | Slain by an orc wizard

Action                   |  1- 3 |  4- 6 || total
-------------------------+-------+-------++-------
Melee: Dagger            |   163 |   108 ||   271
 Cast: Ensorcelled Hiber |     6 |    24 ||    30
  Use: Scroll            |     3 |     2 ||     5
       Potion            |       |     1 ||     1
 Stab: Sleeping          |    12 |    33 ||    45
       Distracted        |     3 |       ||     3
  Eat: Bread ration      |       |     1 ||     1
